Map: Berlingrad LE

Players

llllllllllll - Winner!

  • Race: Protoss Protoss
  • League: Master

iloveoof

  • Race: Terran Terran
  • League: Grandmaster

VOD

Have the link to the VOD?

Description

Time

  • Played on: March 27, 2022, 8:06 p.m.
  • Length: 23:11
Show
View Real Time Build Order
Export as new Build Order

llllllllllll Protoss - Winner!

Build Orders: 1 Gate Expand, Blink Stalkers, Carriers, Colossus Rush 

Get SALT Encoding   

  12  0:00  Probe  
  13  0:12  Probe  
  14  0:17  Pylon  
  14  0:24  Probe (Chrono Boost)  
  15  0:36  Gateway, Probe (Chrono Boost)  
  16  0:44  Probe (Chrono Boost)  
  16  0:46  Assimilator  
  17  0:51  Probe  
  18  1:03  Probe  
  19  1:15  Probe  
  20  1:23  Cybernetics Core  
  20  1:33  Nexus  
  20  1:41  Pylon  
  20  1:43  Probe  
  21  1:52  Assimilator  
  21  1:56  Probe  
  21  1:57  Adept (Chrono Boost)  
  24  2:03  Warp Gate  
  24  2:08  Probe  
  25  2:20  Twilight Council  
  25  2:21  Probe  
  26  2:26  Stalker (Chrono Boost)  
  28  2:33  Probe  
  29  2:45  Probe x2  
  29  2:50  Gateway  
  31  2:57  Probe x2  
  33  3:02  Blink (Chrono Boost)  
  33  3:09  Probe x2  
  35  3:22  Probe x2  
  35  3:26  Robotics Facility  
  37  3:34  Probe x2  
  37  3:37  Pylon  
  39  3:46  Probe x2  
  41  3:51  Stalker x2  
  45  3:58  Probe x2  
  47  4:04  Nexus  
  47  4:07  Pylon  
  47  4:13  Observer  
  47  4:16  Stalker x2  
  52  4:21  Assimilator  
  52  4:23  Assimilator  
  53  4:24  Probe x2  
  54  4:36  Robotics Bay  
  55  4:38  Probe x2  
  55  4:42  Forge  
  56  4:53  Gateway  
  56  4:54  Gateway  
  56  4:56  Probe x2  
  56  4:57  Gateway  
  58  5:01  Observer  
  58  5:08  Probe x2  
  60  5:18  Probe  
  60  5:20  Probe  
  60  5:21  Colossus (Chrono Boost), Probe  
  63  5:27  Charge  
  69  5:30  Probe  
  69  5:32  Probe  
  69  5:33  Probe, Pylon  
  72  5:37  Stalker  
  72  5:40  Observer  
  72  5:41  Stalker  
  76  5:43  Probe  
  76  5:44  Probe  
  76  5:48  Probe  
  77  5:57  Probe x2  
  77  5:58  Pylon  
  77  5:59  Shield Battery  
  77  6:00  Probe  
  80  6:09  Probe x2  
  82  6:11  Observer  
  82  6:12  Probe  
  82  6:15  Colossus (Chrono Boost)  
  82  6:17  Gateway  
  82  6:18  Gateway  
  89  6:19  Observer, Gateway  
  89  6:21  Observer  
  89  6:23  Zealot x2  
  89  6:24  Observer  
  93  6:32  Pylon x2  
  93  6:36  Pylon  
  93  6:40  Shield Battery, Photon Cannon  
  93  6:54  Zealot x5  
  102  7:12  Stalker x3  
  108  7:21  Pylon  
  108  7:24  Protoss Ground Weapons Level 1, Pylon  
  86  7:37  Stalker  
  75  7:46  Probe x3  
  74  7:55  Colossus (Chrono Boost)  
  78  7:58  Probe x3  
  78  8:03  Stalker  
  78  8:05  Pylon  
  83  8:12  Gateway, Pylon  
  83  8:13  Pylon  
  83  8:14  Gateway  
  83  8:18  Nexus  
  83  8:19  Photon Cannon  
  83  8:20  Pylon  
  83  8:21  Photon Cannon  
  83  8:22  Assimilator, Photon Cannon  
  83  8:25  Photon Cannon  
  83  8:26  Stalker x3, Assimilator  
  89  8:28  Zealot  
  91  8:40  Zealot x3  
  97  8:48  Photon Cannon  
  97  8:49  Observer (Chrono Boost)  
  97  8:50  Photon Cannon  
  97  8:51  Templar Archives  
  97  8:52  Zealot x5  
  103  9:08  Probe, Pylon  
  103  9:09  Probe x2  
  105  9:17  Stalker x7  
  103  9:32  Stalker x2  
  103  9:33  Nexus  
  103  9:37  Pylon  
  107  9:39  Protoss Ground Weapons Level 2 (Chrono Boost)  
  107  9:44  High Templar  
  107  9:45  High Templar x3  
  115  9:46  High Templar x2  
  115  9:49  Archon x2  
  115  9:50  Archon  
  115  9:51  Zealot x2  
  123  9:56  Probe x3  
  126  10:02  Disruptor  
  126  10:05  Robotics Facility  
  129  10:07  Forge  
  129  10:15  Pylon  
  129  10:16  Pylon  
  129  10:24  Shield Battery  
  129  10:27  Zealot  
  130  10:31  Zealot  
  130  10:35  High Templar x4  
  138  10:36  Pylon  
  138  10:38  Disruptor  
  138  10:39  Archon x2  
  138  10:42  Zealot x3  
  149  10:53  Probe x2  
  149  10:54  Probe x2  
  149  10:55  Disruptor  
  156  10:57  Stalker x2  
  156  10:58  Stalker  
  162  11:05  Probe  
  162  11:06  Probe x3  
  162  11:08  Zealot x2  
  149  11:14  Zealot x3  
  135  11:27  Stalker  
  135  11:28  Stalker  
  135  11:31  Nexus  
  139  11:39  Pylon  
  139  11:41  Pylon  
  139  11:42  Observer x2  
  139  11:43  Pylon  
  139  11:46  Gravitic Boosters  
  141  11:47  Zealot x3  
  147  11:54  Protoss Ground Armor Level 1 (Chrono Boost)  
  147  11:55  Assimilator  
  147  11:59  Assimilator  
  147  12:02  Probe x4, Disruptor  
  147  12:03  Disruptor  
  157  12:11  Gateway  
  157  12:12  Gateway  
  157  12:14  High Templar x2  
  157  12:15  Dark Shrine  
  161  12:17  Archon  
  161  12:26  Shield Battery  
  161  12:31  Zealot x2  
  161  12:32  Zealot x2  
  169  12:38  Disruptor x2  
  169  12:39  Probe x3  
  169  12:40  Observer  
  178  12:50  Gateway  
  178  12:51  Gateway, Stalker  
  180  12:59  Assimilator  
  180  13:04  Assimilator  
  180  13:05  Photon Cannon  
  180  13:08  Photon Cannon  
  179  13:24  Shadow Stride (Chrono Boost)  
  179  13:29  Dark Templar x6  
  179  13:30  Dark Templar x3  
  197  13:36  Dark Templar  
  199  13:49  Observer  
  199  13:50  Protoss Shields Level 1  
  200  13:56  Protoss Ground Weapons Level 3  
  200  14:07  Pylon  
  200  14:09  Photon Cannon  
  179  14:37  Stalker x3  
  179  14:38  Stalker x7  
  199  14:57  Stargate  
  199  14:58  Stargate  
  199  15:01  Pylon  
  199  15:05  Pylon  
  199  15:08  Protoss Air Weapons Level 1  
  199  15:09  Stargate  
  199  15:10  Stargate, Nexus  
  199  15:14  Assimilator  
  199  15:16  Assimilator  
  199  15:20  Pylon  
  181  15:23  Disruptor x2  
  184  15:35  Stargate  
  184  15:37  Stargate  
  184  15:38  Cybernetics Core, Photon Cannon  
  184  15:42  Fleet Beacon  
  184  15:58  Protoss Ground Armor Level 2  
  166  16:29  Tempest x2 (Chrono Boost)  
  166  16:30  Gateway, Tempest x4 (Chrono Boost)  
  166  16:32  Gateway x2  
  196  16:40  Gateway  
  196  16:46  Disruptor  
  200  16:47  Observer  
  200  16:58  Photon Cannon  
  200  16:59  Photon Cannon  
  200  17:01  Photon Cannon  
  200  17:02  Photon Cannon  
  200  17:03  Photon Cannon  
  200  17:04  Protoss Shields Level 2  
  200  17:16  Protoss Air Armor Level 1  
  200  17:22  Protoss Air Weapons Level 2  
  198  17:24  Photon Cannon  
  198  17:27  Photon Cannon  
  198  17:28  Photon Cannon  
  198  17:29  Carrier x2, Photon Cannon  
  200  17:30  Photon Cannon  
  200  17:33  Pylon  
  186  18:00  Carrier x2  
  192  18:16  Carrier, Unknown  
  193  18:49  Protoss Ground Armor Level 3  
  193  18:51  Carrier  
  181  19:05  Carrier x2  
  181  19:06  Carrier x2  
  155  19:12  Stalker x6  
  155  19:13  Stalker x2  
  155  19:15  Stalker x4  
  155  19:16  Stalker x2  
  156  19:19  Disruptor  
  158  19:29  Stalker x2  
  142  19:42  Stalker x6  
  142  19:43  Stalker x2, Zealot x2  
  142  19:44  Zealot x4  
  168  20:01  Stalker x2  
  169  20:13  Stalker  
  169  20:14  Stalker x3  
  161  20:18  Stalker x4  
  160  20:24  Stalker x2  
  160  20:25  Stalker  
  150  20:30  Zealot x5  
  160  20:39  Stalker x4  
  168  20:49  Disruptor  
  171  20:53  Nexus  
  171  20:54  Disruptor  
  171  20:56  Assimilator  
  174  20:59  Pylon  
  150  21:19  Stalker x5  
  150  21:22  Stalker  
  150  21:23  Zealot x3  
  150  21:24  Disruptor  
  171  21:30  Disruptor  
  171  21:32  Stalker x3  
  180  21:47  Dark Templar x3  
  186  21:59  Dark Templar x2  
  190  22:02  Assimilator  
  190  22:09  Dark Templar x2  
  194  22:18  Dark Templar  
  194  22:19  Dark Templar  
  189  22:31  Dark Templar  
  180  22:38  Zealot x6  
  180  22:39  Zealot  
  180  22:42  Zealot  
  180  22:43  Zealot x3  
  191  22:52  Stalker x2  
Show
View Real Time Build Order
Export as new Build Order

iloveoof Terran 

Build Orders:  

Get SALT Encoding   

  12  0:00  SCV  
  13  0:12  SCV  
  14  0:17  Supply Depot  
  14  0:24  SCV  
  15  0:38  SCV  
  15  0:39  Barracks  
  16  0:43  Refinery  
  16  0:50  SCV  
  17  1:02  SCV  
  18  1:16  SCV  
  19  1:26  Marine  
  19  1:28  Orbital Command  
  20  1:44  Command Center  
  20  1:47  Barracks Reactor  
  20  1:53  SCV  
  21  1:59  Supply Depot  
  21  2:05  SCV  
  22  2:11  Factory  
  22  2:17  SCV  
  22  2:22  Bunker  
  23  2:23  Marine  
  23  2:26  Marine  
  26  2:30  SCV  
  26  2:33  Refinery  
  26  2:41  Marine  
  26  2:42  SCV  
  26  2:43  Marine  
  29  2:54  SCV  
  29  2:56  Starport  
  30  2:59  Marine  
  30  3:03  Orbital Command  
  31  3:08  Marine  
  31  3:10  SCV  
  33  3:18  Marine, Widow Mine  
  36  3:22  SCV  
  36  3:26  Supply Depot  
  37  3:28  Marine  
  37  3:31  SCV  
  39  3:34  SCV  
  39  3:37  Medivac  
  42  3:42  Marine, Widow Mine  
  42  3:44  SCV  
  42  3:48  SCV  
  47  3:51  Supply Depot  
  47  3:59  SCV  
  47  4:00  SCV, Barracks  
  49  4:03  Marine x2  
  51  4:12  Barracks  
  51  4:13  SCV, Supply Depot  
  51  4:14  SCV  
  53  4:18  Starport Tech Lab, Factory Tech Lab  
  53  4:25  SCV  
  53  4:27  Engineering Bay  
  53  4:29  Supply Depot  
  53  4:31  Marine x2  
  54  4:34  SCV  
  54  4:37  SCV  
  58  4:45  Factory Tech Lab  
  58  4:46  Starport Reactor, SCV  
  58  4:49  SCV  
  58  4:50  Refinery  
  58  4:51  Refinery  
  60  4:54  Supply Depot, Terran Infantry Weapons Level 1  
  60  4:55  Marine  
  60  4:57  Marine, Stimpack  
  62  5:01  SCV  
  62  5:03  SCV  
  62  5:05  Marauder  
  66  5:13  SCV  
  67  5:15  Siege Tank  
  67  5:17  Supply Depot, Marauder  
  67  5:18  Marine  
  67  5:20  SCV  
  74  5:23  Marine  
  74  5:28  Medivac x2  
  79  5:31  Marauder  
  79  5:32  SCV  
  79  5:34  SCV  
  83  5:40  Marine, Marauder  
  86  5:44  SCV  
  86  5:49  Marine  
  85  5:51  Siege Tank  
  85  5:52  Marauder  
  85  5:55  Supply Depot  
  88  5:58  Marine  
  88  5:59  Supply Depot  
  88  6:08  Marine, Medivac, Marauder  
  93  6:12  Combat Shield  
  93  6:16  Medivac  
  93  6:17  Marauder  
  97  6:21  Marine  
  97  6:23  Command Center  
  98  6:28  Marine  
  98  6:30  Marauder  
  98  6:31  Siege Tank  
  104  6:34  Barracks  
  104  6:38  Marine  
  104  6:39  Barracks  
  105  6:40  Concussive Shells  
  105  6:46  SCV x2  
  107  6:48  Marine  
  107  6:51  Marauder  
  110  7:14  Marine  
  110  7:17  SCV  
  110  7:24  Marine  
  110  7:25  Marauder  
  110  7:26  SCV  
  110  7:27  Siege Tank  
  110  7:28  Marauder  
  110  7:29  SCV  
  94  7:38  SCV  
  94  7:41  Barracks Tech Lab x2  
  94  7:42  SCV  
  88  7:47  Marauder  
  88  7:49  Marauder  
  88  7:50  SCV  
  89  7:53  Marine x2  
  89  7:54  SCV  
  91  8:02  SCV  
  91  8:04  Viking, Marauder x2, Siege Tank  
  91  8:05  Viking  
  102  8:06  SCV  
  102  8:07  Terran Infantry Armor Level 1  
  102  8:08  Marauder  
  102  8:09  Supply Depot  
  102  8:10  Supply Depot, Marauder  
  102  8:11  Marine x2  
  109  8:14  SCV  
  109  8:18  SCV  
  111  8:26  Marauder x2  
  115  8:27  Orbital Command  
  115  8:28  SCV  
  115  8:29  Marine x2, Refinery  
  115  8:30  SCV, Marine, Refinery  
  115  8:32  Marauder  
  122  8:41  SCV  
  123  8:42  SCV  
  123  8:46  Marine  
  123  8:47  Marine, Marauder x2  
  123  8:48  Marine  
  130  8:49  Medivac, Siege Tank  
  130  8:53  SCV, Marauder  
  130  8:54  SCV  
  133  9:04  Marine x2  
  133  9:05  SCV x2, Viking  
  133  9:06  Marine, SCV  
  138  9:11  Supply Depot  
  138  9:12  Supply Depot  
  135  9:19  Viking  
  130  9:24  SCV x2  
  130  9:27  Marine x2, Marauder x2  
  130  9:30  Marine  
  138  9:35  Siege Tank, Marauder  
  138  9:37  SCV x2  
  145  9:40  Command Center  
  145  9:41  Barracks  
  145  9:42  SCV, Barracks  
  145  9:43  Barracks  
  146  9:48  Bunker  
  146  9:50  Missile Turret  
  146  9:51  Missile Turret  
  146  9:52  Supply Depot  
  146  9:55  Missile Turret  
  143  10:01  Engineering Bay, Armory  
  143  10:08  Missile Turret, Viking x2  
  143  10:11  SCV  
  143  10:12  SCV x2  
  150  10:20  Missile Turret, Supply Depot  
  150  10:23  SCV  
  150  10:24  SCV x2  
  150  10:28  Siege Tank  
  156  10:29  Barracks Tech Lab  
  156  10:30  Barracks Tech Lab x2  
  156  10:32  Ghost Academy  
  156  10:35  Marine x2, Marauder  
  160  10:36  SCV x3  
  160  10:40  Supply Depot  
  163  10:47  Marauder x3  
  169  10:51  Supply Depot  
  169  10:52  Supply Depot  
  169  11:00  Marine x2, Marauder x3  
  162  11:18  Ghost x4  
  139  11:21  Ghost  
  144  11:26  Ghost  
  142  11:36  Planetary Fortress  
  142  11:38  Missile Turret, Refinery  
  142  11:39  Refinery  
  142  11:41  Liberator x2  
  148  11:47  Terran Infantry Armor Level 2, Terran Infantry Weapons Level 2  
  148  11:50  Ghost  
  150  11:54  Ghost x2  
  150  11:57  Ghost  
  150  11:59  Ghost  
  158  12:08  Ghost x2  
  162  12:15  Fusion Core  
  162  12:17  Command Center  
  162  12:20  Starport  
  162  12:26  Marauder  
  162  12:27  Marauder x3  
  170  12:30  Marine x3, Liberator  
  176  12:42  Missile Turret  
  176  12:46  Missile Turret  
  176  12:48  Ghost x3  
  176  12:49  Missile Turret  
  182  12:59  Command Center  
  182  13:03  Liberator  
  182  13:04  Starport Reactor  
  185  13:06  Siege Tank  
  188  13:17  Terran Ship Weapons Level 1  
  188  13:27  Enhanced Shockwaves  
  188  13:30  Command Center  
  188  13:31  Command Center  
  188  13:34  Orbital Command  
  188  13:38  Command Center  
  188  13:39  Liberator  
  191  13:44  Liberator  
  191  13:45  Liberator  
  193  14:07  Missile Turret, Advanced Ballistics  
  193  14:08  Terran Infantry Armor Level 3, Terran Infantry Weapons Level 3  
  193  14:09  Missile Turret  
  193  14:11  Orbital Command  
  193  14:24  Liberator x2  
  172  14:44  Liberator x2  
  172  14:45  Siege Tank  
  181  14:50  Orbital Command  
  181  14:52  Missile Turret  
  181  15:05  Starport, Command Center  
  181  15:10  Orbital Command  
  181  15:16  Terran Ship Weapons Level 2  
  166  15:30  Liberator x3  
  166  15:31  Liberator  
  178  15:42  Missile Turret  
  178  15:43  Sensor Tower  
  178  15:44  Missile Turret  
  178  15:45  Missile Turret  
  178  15:49  Starport Reactor  
  178  15:56  Planetary Fortress  
  178  15:59  Command Center  
  178  16:08  Command Center  
  169  16:15  Liberator x2  
  169  16:16  Liberator  
  169  16:18  Orbital Command  
  178  16:40  Missile Turret  
  178  16:42  Missile Turret  
  178  16:44  Missile Turret  
  178  16:45  Missile Turret, Refinery  
  178  16:46  Refinery, Liberator x3  
  187  16:47  Missile Turret  
  187  16:58  Liberator x2  
  199  17:08  Hi-Sec Auto Tracking, Neosteel Armor  
  193  17:16  Liberator  
  196  17:31  Viking x2  
  197  17:42  Viking x3  
  182  18:00  Viking x2  
  183  18:15  Viking x3  
  186  18:21  Viking  
  188  18:30  Viking  
  188  18:31  Terran Ship Weapons Level 3  
  188  18:33  Liberator  
  192  18:45  Viking  
  194  18:50  Viking  
  194  18:51  Command Center, Ghost x2  
  188  19:09  Marine x3, Marauder x4  
  177  19:10  Viking x3  
  181  19:20  Marine x2  
  183  19:27  Marine x3  
  183  19:29  Liberator  
  183  19:30  Marine x2, Marauder x2  
  193  19:38  Marine x2  
  192  19:40  SCV x6  
  192  19:45  Missile Turret, Refinery  
  198  19:46  Refinery  
  198  19:47  Missile Turret  
  198  19:48  Marauder  
  179  20:15  Marine x3, Marauder x3  
  179  20:16  Marauder x3, Liberator x2  
  198  20:27  Viking x4  
  173  20:34  Marauder  
  159  20:36  Orbital Command  
  159  20:38  Orbital Command  
  159  20:43  Marine x8  
  167  20:54  Marine  
  165  20:57  Viking x4  
  165  21:01  Marine x8  
  165  21:03  Viking x2  
  185  21:13  Marauder  
  178  21:19  Marine x4, Marauder  
  178  21:23  Orbital Command  
  184  21:26  Marine x3  
  184  21:27  Viking x2  
  191  21:34  Marine  
  191  21:36  Marine  
  191  21:37  Marine x3  
  196  21:40  Marine  
  199  21:50  Orbital Command  
  199  21:52  Marine  
  198  21:54  Marine x2  
  200  22:02  Medivac  
  190  22:33  Viking  
  190  22:34  Viking x2  
  181  22:39  Marine x3  
  181  22:40  Marine x4, Marauder x2, Orbital Command  
  184  23:05  Refinery  
  169  23:07  Refinery  
Tags
 
Add a new tag
Caveats
  • Supply blocks, unpowered buildings, or Contaminate may cause inaccurate times.
  • Supply counts are checked every 10 seconds.